 Dungeon Crawl Stone Soup version 0.31.0-32-g396128a36d (webtiles) character file.

Game seed: 11259719224451170833

53 booth the Chopper (level 3, 0/33 HPs)
             Began as a Hill Orc Monk on Mar 27, 2024.
             Slain by an iguana (11 damage)
             ... on level 3 of the Dungeon.
             The game lasted 00:06:59 (1996 turns).

booth the Chopper (Hill Orc Monk)                   Turns: 1996, Time: 00:07:00

Health: 0/33       AC:  4    Str: 15    XL:     3   Next: 89%
Magic:  3/3        EV: 12    Int: 10    God:
Gold:   97         SH:  0    Dex: 13    Spells: 2/2 levels left

rFire   . . .        a - +0 hand axe
rCold   + . .        d - orb {light}
rNeg    . . .        h - +0 leather armour
rPois   .            (no helmet)
rElec   .            (no cloak)
rCorr   .            (no gloves)
SInv    .            l - +0 pair of boots
Will    +....        (no amulet)
Stlth   +            i - ring of willpower
HPRegen 0.25/turn    g - ring of protection from cold
MPRegen 0.08/turn

%: no passive effects
@: glowing
A: no striking features
a: no special abilities


You were on level 3 of the Dungeon.
You visited 1 branch of the dungeon, and saw 3 of its levels.

You collected 97 gold pieces.

Inventory:

Hand Weapons
 a - a +0 hand axe (weapon)
Missiles
 b - 2 poisoned darts (quivered)
Armour
 d - an orb of light (worn)
 h - a +0 leather armour (worn)
 l - a +0 pair of boots (worn)
Jewellery
 f - a ring of resist corrosion
 g - a ring of protection from cold (right hand)
 i - a ring of willpower (left hand)
Scrolls
 e - a scroll of teleportation
Potions
 j - a potion of attraction {unknown}


   Skills:
 + Level 4.2 Fighting
 * Level 5.2 Axes
 + Level 2.8 Dodging


You had 2 spell levels left.
You didn't know any spells.
Your spell library was empty.

Dungeon Overview and Level Annotations

Branches:
Dungeon (3/15)

Altars:

Shops:
D:1 !


Message History

The iguana bites you but does no damage.
You are confused.
You feel invigorated. The iguana closely misses you.
You're too confused to move!
The iguana bites you.
You closely miss the iguana.
The iguana is heavily wounded.
The iguana barely misses you.
You bump into the rock wall.
The iguana misses you.
You hit the iguana but do no damage.
The iguana is heavily wounded.
The iguana bites you.
You're too confused to move!
The iguana bites you!
You bump into the rock wall.
The iguana barely misses you.
You bump into the rock wall.
You feel less invigorated.
You feel less confused. The iguana closely misses you.
You hit the iguana.
The iguana is severely wounded.
The iguana bites you but does no damage.
You hit the iguana but do no damage.
The iguana is severely wounded.
The iguana bites you!
You hit the iguana.
The iguana is severely wounded.
The iguana bites you!
You hit the iguana but do no damage.
The iguana is severely wounded.
The iguana bites you.
You hit the iguana.
The iguana is almost dead.
The iguana bites you!
* * * LOW HITPOINT WARNING * * *
You barely miss the iguana.
The iguana is almost dead.
The iguana misses you.
You hit the iguana but do no damage.
The iguana is almost dead.
The iguana misses you.
It was a potion of curing.
You feel better. The iguana bites you!
You die...

#
###########.#
#.....@l....#
#.#########.#
#.# .. #.#
#### #.# ...+
#.# ##..# #.#
.>.# #.###
#..+ ###...#
#..#


You could see an iguana.

Vanquished Creatures
  2 adders (D:2)
  2 dart slugs
  2 bats (D:1)
  4 endoplasms (D:1)
  2 goblins
  3 hobgoblins
  3 quokkas
  2 ball pythons
  3 frilled lizards
  5 kobolds
  A rat (D:1)
29 creatures vanquished.

Notes
Turn   | Place    | Note
-------+----------+-------------------------------------------
     0 | D:1      | booth the Hill Orc Monk began the quest for the Orb.
     0 | D:1      | Reached XP level 1. HP: 19/19 MP: 1/1
   204 | D:1      | Found Zegot's Distillery.
   296 | D:1      | Reached XP level 2. HP: 27/27 MP: 2/2
   394 | D:1      | HP: 1/27 [hobgoblin/staff of cold (5)]
   925 | D:1      | Reached XP level 3. HP: 33/33 MP: 3/3
  1105 | D:2      | Reached skill level 5 in Axes
  1202 | D:2      | Found a faded altar of an unknown god.
  1996 | D:3      | Slain by an iguana

Illustrated notes

Levels and vault maps discovered:
D:1:      lemuel_arrival_muddy, layout_basic, serial_shops,
          nicolae_shop_pleasant_corner_grove
D:2:      layout_loops_ring, ebering_ecumenical_altar_mist
D:3:      layout_basic, mainiacjoe_overflow_24_doors, old_standard_altar,
          mainiacjoe_overflow_alcove_2, uniq_grinder

Skill      XL: |  1  2  3 |
---------------+----------+-----
Fighting       | 4 |  4.2
Axes           | 5 |  5.2
Dodging        | |  2.8

Action                     || total
---------------------------++-------
  Melee: Hand axe          ||   101
    Use: Potion            ||     4
         Scroll            ||     2
 Armour: Robe              ||    29
         Leather armour    ||    27
  Dodge: Dodged            ||    58
